Map: Invader LE

Players

capac

  • Race: Terran Terran
  • League: Gold

A.I. 1 (Elite) - Winner!

  • Race: Terran Terran

VOD

Have the link to the VOD?

Description

Time

  • Played on: April 17, 2016, 7:51 a.m.
  • Length: 20:56
Show
View Real Time Build Order
Export as new Build Order

capac Terran 

Build Orders: Bio Tank 

Get SALT Encoding   

  12  0:00  SCV  
  13  0:12  SCV  
  14  0:18  Supply Depot  
  14  0:25  SCV  
  15  0:40  SCV  
  16  0:44  Barracks  
  16  0:47  Refinery  
  16  0:52  SCV  
  17  1:04  SCV  
  18  1:16  SCV  
  19  1:28  SCV  
  20  1:36  Reaper  
  21  1:40  SCV  
  22  1:49  Command Center  
  22  1:52  SCV  
  23  2:05  Supply Depot, Orbital Command  
  23  2:11  Factory  
  23  2:26  Marine  
  23  2:27  Refinery  
  24  2:32  SCV  
  25  2:52  SCV  
  25  2:54  Barracks Reactor  
  25  2:56  Factory Tech Lab  
  26  3:04  Orbital Command  
  27  3:05  SCV  
  27  3:16  Siege Tank  
  30  3:21  SCV  
  31  3:31  Starport, Marine  
  31  3:32  Marine  
  33  3:41  Command Center  
  33  3:44  SCV x2  
  35  3:49  Marine x2  
  37  4:01  SCV x2  
  39  4:06  Siege Tank  
  42  4:10  Medivac  
  42  4:13  SCV x2  
  46  4:37  Barracks  
  46  4:38  Barracks  
  46  4:41  Starport Tech Lab  
  46  4:42  Barracks  
  46  4:52  Marine x2, Siege Tank, SCV x2  
  53  5:02  Medivac  
  53  5:04  SCV x2  
  57  5:07  Refinery  
  57  5:08  Refinery  
  57  5:15  Supply Depot, Marine x2  
  57  5:16  SCV x2  
  57  5:17  Supply Depot  
  61  5:36  Medivac  
  61  5:38  SCV x2  
  65  5:45  Barracks Tech Lab  
  65  5:46  Barracks Reactor  
  65  5:52  Marine x2  
  65  5:55  Barracks Tech Lab  
  67  6:07  Supply Depot  
  67  6:14  Marine x2  
  67  6:15  Marine x2  
  71  6:20  Stimpack  
  71  6:30  Marine x2  
  71  6:32  Marine x3  
  74  6:33  Marine  
  74  6:36  Medivac  
  74  6:38  Siege Tank  
  82  6:46  Engineering Bay  
  82  6:47  Orbital Command  
  82  6:48  Marine  
  82  6:49  Engineering Bay  
  83  6:59  SCV x2  
  85  7:10  Marine x3  
  85  7:11  Marauder x2  
  85  7:12  Supply Depot  
  85  7:15  Supply Depot  
  92  7:16  Marine  
  93  7:33  Marine x5, Siege Tank  
  101  7:47  Factory  
  101  7:49  Supply Depot  
  101  7:50  Supply Depot  
  101  7:52  Terran Infantry Weapons Level 1  
  101  7:54  Terran Infantry Armor Level 1  
  101  7:57  Marine  
  101  7:58  Marine x3  
  104  7:59  Marauder  
  104  8:00  Marauder  
  104  8:01  Combat Shields  
  104  8:02  Starport Reactor  
  109  8:17  Supply Depot  
  109  8:18  Supply Depot  
  109  8:20  Marine x2  
  109  8:21  Marine x3  
  109  8:22  Marine  
  109  8:24  Siege Tank  
  118  8:43  Orbital Command  
  118  8:51  Marine, Liberator x2  
  118  8:52  Marine x5  
  124  9:04  Siege Tank  
  124  9:05  Siege Tank  
  124  9:09  Marine x3  
  137  9:10  Marine x3  
  137  9:13  Starport  
  142  9:20  SCV x3  
  145  9:39  Siege Tank  
  145  9:43  Supply Depot  
  145  9:45  Supply Depot, Marine  
  149  9:50  Liberator x2  
  149  9:54  Starport Reactor  
  149  10:04  Marine x4, Siege Tank  
  157  10:12  Supply Depot  
  157  10:13  Supply Depot  
  163  10:16  Concussive Shells  
  163  10:25  Marauder  
  163  10:26  Marauder  
  165  10:33  Marine x4  
  169  10:40  Supply Depot  
  169  10:41  Supply Depot  
  169  10:47  Marauder x2  
  173  10:52  Medivac x4  
  173  10:54  Supply Depot  
  168  12:11  Liberator x2  
  168  12:28  Medivac  
  168  12:29  Medivac  
  178  12:48  Marine x3  
  178  12:49  Marauder, Marine  
  178  12:50  Marauder  
  178  12:51  Siege Tank x2  
  192  13:02  Command Center  
  192  13:11  Marauder  
  143  14:10  Marine x5  
  143  14:11  Marauder  
  126  14:29  Marauder  
  89  15:36  Command Center  
  89  15:46  Liberator  
  89  15:47  Liberator x3  
  89  15:55  Marine x2  
  92  15:58  Marauder x2  
  51  17:15  Marine x2  
  53  17:16  Marauder x2  
  57  17:30  SCV  
  57  17:37  Liberator x3  
  55  17:41  Marine x2  
  55  17:42  Marauder, Marine, SCV  
  61  17:55  SCV  
  71  18:01  Command Center  
  71  18:07  SCV  
  71  18:11  Marine x3  
  71  18:12  Marine  
  75  18:19  SCV  
  77  18:22  Barracks  
  77  18:29  Marine  
  78  18:52  SCV  
  79  19:23  Command Center  
  79  19:40  SCV  
  80  19:56  SCV  
  81  20:16  SCV  
  82  20:25  SCV  
Show
View Real Time Build Order
Export as new Build Order

A.I. 1 (Elite) Terran - Winner!

Build Orders: MMM Bio 

Get SALT Encoding   

  12  0:00  SCV  
  13  0:13  SCV  
  14  0:19  Supply Depot  
  14  0:25  SCV  
  15  0:29  Refinery  
  15  0:41  SCV  
  16  0:47  Barracks  
  16  0:53  SCV  
  17  1:05  SCV  
  18  1:17  SCV  
  19  1:35  Marine  
  19  1:36  Factory, Orbital Command  
  19  1:37  Supply Depot  
  20  1:51  Barracks  
  20  1:52  Marine  
  21  2:02  SCV  
  22  2:11  Barracks Tech Lab  
  22  2:14  SCV  
  23  2:22  Supply Depot, Hellion  
  25  2:29  Concussive Shells  
  25  2:33  Marauder  
  27  2:37  Barracks Tech Lab  
  27  2:43  Hellion  
  29  2:44  SCV  
  30  2:54  Marauder  
  30  2:56  Marauder  
  30  2:58  Supply Depot  
  34  3:04  Hellion  
  36  3:15  Marauder  
  40  3:20  Marauder  
  40  3:24  Supply Depot  
  40  3:26  Hellion  
  42  3:37  Marauder  
  42  3:38  SCV  
  47  3:41  Marauder  
  47  3:47  Refinery  
  47  3:58  Marine  
  47  4:02  Marine  
  49  4:06  Supply Depot  
  49  4:09  SCV  
  50  4:15  Marine  
  51  4:20  Marine  
  51  4:21  SCV  
  53  4:27  Stimpack  
  53  4:30  Engineering Bay  
  53  4:33  Marine, SCV  
  57  4:38  Marauder  
  57  4:44  Command Center  
  57  4:56  Terran Infantry Weapons Level 1  
  57  4:57  Supply Depot, Marine  
  58  5:01  Marine  
  59  5:15  Marine  
  59  5:16  Engineering Bay  
  59  5:19  Marine  
  61  5:30  Barracks  
  61  5:33  Marine  
  61  5:35  Combat Shields  
  62  5:40  Marine  
  62  5:42  Terran Infantry Armor Level 1  
  63  5:50  Marine  
  63  5:54  Supply Depot  
  64  5:57  SCV x2  
  64  5:58  Marauder  
  68  6:09  SCV x2  
  70  6:18  Barracks Reactor  
  70  6:21  SCV  
  70  6:23  SCV  
  72  6:31  Factory Tech Lab  
  72  6:32  Marauder  
  74  6:33  SCV  
  74  6:35  SCV  
  76  6:42  Missile Turret  
  76  6:44  Command Center  
  76  6:45  SCV  
  77  6:51  Orbital Command  
  77  6:56  Siege Tank  
  77  6:58  SCV  
  81  7:10  SCV  
  81  7:11  Supply Depot  
  82  7:16  Missile Turret  
  82  7:21  Barracks  
  82  7:22  SCV  
  83  7:23  SCV  
  83  7:29  Siege Tank  
  87  7:31  Starport  
  87  7:35  SCV  
  87  7:36  SCV  
  89  7:42  Armory  
  89  7:48  SCV  
  90  7:57  SCV x2  
  92  8:00  SCV  
  93  8:05  Armory  
  93  8:09  Starport Reactor, SCV x2  
  93  8:12  SCV  
  96  8:21  SCV  
  96  8:22  Refinery, SCV  
  96  8:24  Refinery, SCV  
  96  8:26  Siege Tank  
  100  8:27  Marine  
  100  8:29  Marine  
  100  8:30  Marine, Terran Vehicle And Ship Armor Level 1  
  100  8:32  Marine  
  100  8:33  Marine, SCV  
  104  8:38  Supply Depot, SCV  
  104  8:40  SCV  
  106  8:45  Marine, SCV  
  108  8:50  SCV  
  108  8:52  Terran Vehicle Weapons Level 1, SCV  
  110  8:57  SCV  
  110  8:58  Siege Tank  
  110  9:02  Supply Depot, SCV  
  115  9:04  SCV  
  117  9:10  SCV  
  117  9:14  SCV  
  117  9:15  Refinery  
  117  9:16  SCV  
  117  9:17  Refinery  
  119  9:24  SCV  
  120  9:26  Supply Depot  
  120  9:30  Siege Tank, Liberator  
  124  9:38  SCV  
  124  9:40  Liberator  
  124  9:48  SCV x2  
  124  9:49  Missile Turret  
  124  9:50  SCV  
  124  9:51  Supply Depot  
  133  10:02  Siege Tank  
  136  10:09  Missile Turret  
  136  10:10  Orbital Command  
  136  10:13  Liberator, Missile Turret  
  136  10:16  Supply Depot  
  136  10:17  Missile Turret  
  136  10:23  Liberator  
  136  10:29  Command Center  
  136  10:34  Siege Tank  
  142  10:37  Missile Turret  
  142  10:40  Supply Depot  
  145  10:43  Terran Infantry Weapons Level 2  
  145  10:51  Terran Vehicle Weapons Level 2  
  145  10:54  Marauder  
  145  10:56  Marauder  
  149  10:59  Missile Turret  
  149  11:01  Marine  
  149  11:03  Marine  
  151  11:04  Supply Depot  
  151  11:05  Liberator  
  151  11:06  Siege Tank  
  151  11:10  Marine  
  136  11:13  Medivac  
  136  11:15  Marine  
  136  11:17  Marine  
  134  11:19  Marine  
  138  11:26  Liberator  
  138  11:36  Barracks  
  138  11:37  Marine  
  138  11:38  Siege Tank  
  138  11:39  Marine  
  143  11:42  SCV x2  
  143  11:43  Supply Depot  
  143  11:44  Missile Turret  
  148  11:48  Liberator  
  148  11:55  Refinery  
  148  11:56  Refinery  
  148  11:57  Marine  
  148  11:58  Marauder  
  148  11:59  Marauder, Marine  
  154  12:01  Marine  
  154  12:04  Command Center  
  158  12:10  Siege Tank  
  158  12:14  Supply Depot, Marine  
  162  12:26  Viking  
  164  12:31  Liberator  
  164  12:32  Marine x2  
  164  12:35  Marine  
  167  12:37  Marine  
  167  12:38  Marine  
  167  12:39  Marine  
  167  12:43  Siege Tank  
  173  12:49  Marine  
  177  12:56  Viking  
  179  13:01  Terran Infantry Weapons Level 3  
  179  13:06  Marauder, Missile Turret  
  179  13:07  Marauder  
  179  13:08  Missile Turret  
  179  13:11  Missile Turret, Terran Vehicle Weapons Level 3  
  183  13:15  Siege Tank  
  185  13:20  SCV  
  185  13:21  SCV  
  185  13:26  Viking  
  188  13:31  Medivac  
  190  13:40  Refinery, SCV  
  189  13:42  Missile Turret, SCV x3  
  189  13:43  Command Center  
  189  13:46  Widow Mine  
  174  13:48  Missile Turret  
  174  13:52  SCV  
  174  13:53  Missile Turret  
  174  13:54  SCV x2  
  174  13:55  SCV  
  167  14:01  Marauder  
  152  14:04  SCV  
  152  14:05  Refinery  
  152  14:06  SCV x2  
  152  14:07  SCV  
  136  14:10  Marine  
  136  14:12  Marine x2  
  136  14:13  Marine  
  136  14:15  Siege Tank  
  136  14:16  SCV  
  106  14:18  SCV x2  
  106  14:19  SCV  
  106  14:22  Marine  
  109  14:28  Marine, SCV  
  109  14:30  Marine x2, SCV  
  109  14:31  Marauder, SCV  
  107  14:35  SCV  
  100  14:40  Marauder, SCV  
  100  14:42  SCV  
  100  14:43  SCV  
  104  14:46  Marine, Command Center  
  104  14:47  Siege Tank, SCV  
  104  14:48  Marine x2  
  104  14:52  Marauder, SCV  
  113  14:53  Starport  
  113  14:58  Command Center  
  113  15:07  Refinery, SCV  
  114  15:09  SCV  
  114  15:11  SCV  
  114  15:12  SCV  
  116  15:14  SCV  
  116  15:16  Marauder  
  116  15:18  Marauder  
  116  15:19  Marine, Siege Tank, SCV  
  104  15:21  Marine, SCV  
  104  15:23  SCV  
  104  15:24  Marine, SCV  
  104  15:26  SCV  
  95  15:29  Viking  
  95  15:31  SCV  
  95  15:33  SCV  
  99  15:35  SCV  
  99  15:36  SCV  
  99  15:37  Marine x2  
  99  15:38  Marine, SCV  
  99  15:39  Marine  
  99  15:41  Marine  
  107  15:43  SCV  
  108  15:52  Siege Tank  
  108  15:54  Marine  
  108  15:55  Marine  
  108  15:57  Marauder, Marine  
  115  15:59  Starport Tech Lab, Marine  
  115  16:00  Liberator  
  117  16:13  Marauder, Marine  
  117  16:14  Marine  
  117  16:17  Marine  
  127  16:18  Marauder  
  127  16:24  Siege Tank  
  130  16:30  Marine  
  130  16:32  Marine  
  131  16:34  Marauder  
  131  16:39  Marauder, SCV  
  133  16:47  Missile Turret  
  133  16:50  SCV  
  133  16:52  SCV  
  133  16:53  SCV  
  119  16:54  Marine  
  119  16:55  Marine  
  119  16:56  Siege Tank  
  119  16:57  Marine  
  119  16:58  Marine  
  119  17:00  Viking, Marine  
  112  17:07  Armory  
  112  17:08  Terran Infantry Armor Level 2  
  110  17:09  Terran Vehicle And Ship Armor Level 2  
  110  17:10  Command Center  
  110  17:11  SCV  
  110  17:12  Marine  
  110  17:13  Marine, Liberator  
  112  17:16  Marauder, Marine  
  112  17:17  SCV  
  112  17:19  Marauder  
  117  17:27  Planetary Fortress  
  117  17:28  Siege Tank  
  120  17:30  Marine  
  120  17:32  Marine, Missile Turret  
  120  17:33  Marine  
  118  17:38  Marauder  
  118  17:40  Marine  
  121  17:48  Marine  
  121  17:50  Marine  
  123  17:51  Command Center  
  123  17:52  Marine  
  123  17:58  Marine  
  125  17:59  Widow Mine, Marauder, Infernal Pre-Igniter  
  129  18:07  Missile Turret  
  129  18:13  Medivac  
  131  18:24  Missile Turret, Planetary Fortress  
  131  18:26  Liberator  
  131  18:28  Widow Mine  
  131  18:31  Factory  
  131  18:33  Marine  
  134  18:34  Marine  
  134  18:35  Starport  
  134  18:36  Supply Depot, Marine  
  134  18:37  Marine  
  134  18:39  Marauder  
  139  18:48  Missile Turret  
  142  18:50  Missile Turret  
  142  18:54  Liberator  
  142  18:55  Marauder  
  144  18:56  Widow Mine  
  144  18:58  Ghost Academy  
  144  19:00  Marauder  
  144  19:01  Supply Depot  
  148  19:05  Planetary Fortress  
  148  19:12  Missile Turret  
  148  19:15  Hellion  
  153  19:22  Factory  
  153  19:26  Viking, Hellion  
  153  19:31  Ghost  
  157  19:36  Hellion  
  157  19:37  Liberator  
  157  19:38  Missile Turret  
  161  19:46  Widow Mine  
  161  19:48  Marauder, Command Center  
  165  19:55  Raven  
  165  19:59  Factory Tech Lab, Missile Turret  
  170  20:06  Hellion  
  172  20:07  Factory  
  172  20:16  Widow Mine, Hellion  
  176  20:28  Missile Turret  
  176  20:29  Factory Tech Lab  
  185  20:48  Fusion Core  
Tags
 
Composition
Bio TankMMM Bio
League
Gold
Matchup
TvT
Race
Terran
Add a new tag
Caveats
  • Supply blocks, unpowered buildings, or Contaminate may cause inaccurate times.
  • Supply counts are checked every 10 seconds.